[Event "KP 2024/25,Lazne Belohrad-Panda RK B"]
[Site "?"]
[Date "2025.02.02"]
[Round "7.8"]
[White "Kroulik, Stepan"]
[Black "Pochop, Karel ml."]
[Result "0-1"]
[ECO "C41"]
[WhiteElo "1703"]
[BlackElo "1816"]
[Annotator "user"]
[PlyCount "78"]
[EventDate "2025.??.??"]
[TimeControl "40/5400+30:900+30"]

{587MB} 1. e4 d6 2. Nf3 e5 3. d4 Bg4 4. dxe5 Bxf3 5. Qxf3 dxe5 6. Bc4 Nf6 7.
Qb3 Qe7 8. O-O c6 9. Rd1 b6 10. Bg5 Nbd7 11. Nc3 Nc5 12. Qa3 h6 13. Bxf6 Qxf6
14. b4 Ne6 15. Bxe6 Qxe6 16. Qa4 Qc4 17. Rd3 b5 18. Qa6 Bxb4 19. Ne2 O-O 20.
Ng3 Qxc2 21. Rad1 Be1 22. f3 Bf2+ 23. Kh1 Bb6 24. Qa3 Rad8 25. Rxd8 Rxd8 26.
Rxd8+ Bxd8 27. Qxa7 Qb1+ 28. Qg1 Qxa2 29. Qd1 Bb6 30. Ne2 Bd4 31. h3 Qa1 32.
Qxa1 Bxa1 33. Nc1 Bd4 34. g3 b4 35. Kg2 c5 36. Kf1 c4 37. Ke2 b3 38. Kd2 b2 39.
Kc2 bxc1=Q+ 0-1

[Event "KP 2024/25,Jiskra N. Bydzov-SK Jicin B"]
[Site "?"]
[Date "2025.02.02"]
[Round "7.1"]
[White "Kohout, Martin"]
[Black "Urban, Zdenek"]
[Result "0-1"]
[ECO "B30"]
[WhiteElo "2019"]
[BlackElo "2155"]
[Annotator "user"]
[PlyCount "78"]
[EventDate "2025.??.??"]
[TimeControl "900+10"]

{600MB, Fritz10.ctg} 1. e4 c5 2. Nf3 e6 3. Nc3 Nc6 4. Bb5 Nge7 5. O-O a6 6.
Bxc6 Nxc6 7. d4 cxd4 8. Nxd4 Be7 9. Nxc6 dxc6 10. Bf4 f6 11. Qh5+ g6 12. Qh6
Kf7 13. Rad1 Qf8 14. Qh4 h5 15. Qg3 e5 16. Be3 h4 17. Qf3 b5 18. Qe2 Be6 19. b3
g5 20. f3 Rd8 21. h3 Bb4 22. Nb1 Qe7 23. Rxd8 Rxd8 24. Rd1 a5 25. Rxd8 Qxd8 26.
c3 Be7 27. Nd2 a4 28. c4 Qa5 29. cxb5 cxb5 30. Qd3 Qb4 31. Kh2 a3 32. Qc2 Qd6
33. Nb1 Kg6 34. Qd2 Qxd2 35. Bxd2 b4 36. Kg1 Bxb3 37. Nxa3 Bc5+ 38. Kf1 bxa3
39. axb3 a2 0-1

[Event "KP 2024/25,Jiskra N. Bydzov-SK Jicin B"]
[Site "?"]
[Date "2025.02.02"]
[Round "7.2"]
[White "Sadek, Vojtech"]
[Black "Prazak, Matous"]
[Result "1/2-1/2"]
[ECO "C41"]
[WhiteElo "1986"]
[BlackElo "1960"]
[Annotator "user"]
[PlyCount "99"]
[EventDate "2025.??.??"]
[TimeControl "900+10"]

{600MB, Fritz10.ctg} 1. e4 d6 2. d4 Nf6 3. Nc3 Nbd7 4. Bc4 e5 5. Nf3 Be7 6. Ng5
O-O 7. Bxf7+ Rxf7 8. Ne6 Qe8 9. Nxc7 Qd8 10. Nxa8 b6 11. O-O Ba6 12. Nxb6 Qxb6
13. Re1 exd4 14. Na4 Qa5 15. b3 Nc5 16. Nxc5 dxc5 17. Bd2 Qc7 18. c3 Bd6 19. h3
Re7 20. cxd4 cxd4 21. Rc1 Qb8 22. Bg5 Nxe4 23. Bh4 d3 24. Rc6 Bh2+ 25. Kh1 Bb5
26. Rc5 Re5 27. Rxe5 Qxe5 28. f3 Ng3+ 29. Kxh2 Ne2+ 30. Kh1 Qe3 31. Rxe2 dxe2
32. Qd8+ Be8 33. Qd5+ Kh8 34. Qe4 Qxe4 35. fxe4 Bg6 36. e5 Kg8 37. Kg1 Kf7 38.
Kf2 Bd3 39. Ke3 Ba6 40. Kd2 Bb7 41. g4 Ke6 42. Bf2 a6 43. Kxe2 Kxe5 44. Kd3 Bg2
45. h4 Bh3 46. Bd4+ Kf4 47. Bxg7 Kxg4 48. Bf6 Kf5 49. Bc3 Ke6 50. Kd4 1/2-1/2

[Event "KP 2024/25,Jiskra N. Bydzov-SK Jicin B"]
[Site "?"]
[Date "2025.02.02"]
[Round "7.3"]
[White "Vanicek, Vojtech"]
[Black "Pochinkov, Andrey"]
[Result "1-0"]
[ECO "B78"]
[WhiteElo "1902"]
[BlackElo "2041"]
[Annotator "user"]
[PlyCount "73"]
[EventDate "2025.??.??"]
[TimeControl "900+10"]

{600MB, Fritz10.ctg} 1. e4 c5 2. Nf3 d6 3. d4 cxd4 4. Nxd4 Nf6 5. Nc3 g6 6. Be3
Bg7 7. f3 O-O 8. Qd2 Nc6 9. Bc4 Bd7 10. O-O-O Rb8 11. h4 Ne5 12. Bb3 b5 13. h5
Nc4 14. Bxc4 bxc4 15. hxg6 fxg6 16. Kb1 Qb6 17. b3 cxb3 18. cxb3 Qb4 19. Bh6
Bxh6 20. Rxh6 Rbc8 21. Kb2 Rc5 22. Qe3 Rf7 23. Nc2 Qb6 24. Qd4 Qc7 25. Nb4 Rg5
26. Qd2 Qc5 27. Nbd5 Nxd5 28. Nxd5 Re5 29. Rc1 Qb5 30. Rc7 Bc6 31. a4 Rxd5 32.
exd5 Qxd5 33. Qc3 Bb7 34. Rh4 e5 35. Rxf7 Qxf7 36. Rc4 Bd5 37. Rc8+ 1-0

[Event "KP 2024/25,Jiskra N. Bydzov-SK Jicin B"]
[Site "?"]
[Date "2025.02.02"]
[Round "7.4"]
[White "Zakoucka, Adela"]
[Black "Mrazek, Vladimir"]
[Result "1-0"]
[ECO "B13"]
[WhiteElo "1911"]
[BlackElo "1831"]
[Annotator "user"]
[PlyCount "43"]
[EventDate "2025.??.??"]
[TimeControl "900+10"]

{600MB, Fritz10.ctg} 1. e4 c6 2. d4 d5 3. exd5 cxd5 4. c4 Nf6 5. Nc3 Nc6 6. c5
e5 7. dxe5 Nxe5 8. Be3 Be7 9. Be2 O-O 10. Nf3 Nxf3+ 11. Bxf3 Be6 12. O-O Qd7
13. Rc1 Rfd8 14. Ne2 Rac8 15. a3 Bg4 16. Bxg4 Nxg4 17. Bd4 Bf6 18. Bxf6 Nxf6
19. Nd4 Re8 20. Qf3 Ne4 21. Nf5 Rxc5 22. Qg4 1-0

[Event "KP 2024/25,Jiskra N. Bydzov-SK Jicin B"]
[Site "?"]
[Date "2025.02.02"]
[Round "7.5"]
[White "Bednar, Milos"]
[Black "Cernoch, Vit"]
[Result "1-0"]
[ECO "C01"]
[WhiteElo "1846"]
[BlackElo "1936"]
[Annotator "user"]
[PlyCount "49"]
[EventDate "2025.??.??"]
[TimeControl "900+10"]

{600MB, Fritz10.ctg} 1. e4 e6 2. d4 d5 3. exd5 exd5 4. Nf3 Nf6 5. Bd3 Bd6 6.
Qe2+ Qe7 7. Qxe7+ Bxe7 8. Bf4 c6 9. O-O O-O 10. Re1 Bd8 11. Nbd2 Bg4 12. Ne5
Bb6 13. Nxg4 Nxg4 14. Nf3 Nd7 15. Re7 Ngf6 16. Bf5 Bd8 17. Rxd7 Nxd7 18. Bxd7
Bb6 19. Re1 Rfd8 20. Re7 c5 21. Bd6 cxd4 22. Ng5 h6 23. Nxf7 Rf8 24. Nxh6+ Kh7
25. Nf5 1-0

[Event "KP 2024/25,Jiskra N. Bydzov-SK Jicin B"]
[Site "?"]
[Date "2025.02.02"]
[Round "7.6"]
[White "Sajdl, Jan"]
[Black "Vanek, Jiri"]
[Result "1-0"]
[ECO "D02"]
[WhiteElo "1899"]
[BlackElo "1804"]
[Annotator "user"]
[PlyCount "61"]
[EventDate "2025.??.??"]
[TimeControl "900+10"]

{600MB, Fritz10.ctg} 1. d4 d5 2. Bf4 Nf6 3. Nf3 Nc6 4. e3 e6 5. Nbd2 Be7 6. c3
O-O 7. Bd3 h6 8. e4 dxe4 9. Nxe4 Nd5 10. Bd2 f5 11. Ng3 Bd6 12. O-O Kh8 13. Re1
Qf6 14. Nh5 Qf7 15. Ne5 Nxe5 16. dxe5 Bc5 17. b4 Be7 18. a3 c5 19. c4 Nc7 20.
Be2 b6 21. Nf4 Kh7 22. Bh5 Qg8 23. Ng6 Re8 24. Qf3 Rb8 25. Qc6 Na6 26. b5 Bb7
27. Qd7 Bc8 28. Qxa7 Rb7 29. Qxa6 Rd7 30. Qxb6 Rxd2 31. Red1 1-0

[Event "KP 2024/25,Jiskra N. Bydzov-SK Jicin B"]
[Site "?"]
[Date "2025.02.02"]
[Round "7.7"]
[White "Vanicek, Lukas"]
[Black "Rydl, Jan"]
[Result "1/2-1/2"]
[ECO "B06"]
[WhiteElo "1815"]
[BlackElo "1832"]
[Annotator "user"]
[PlyCount "64"]
[EventDate "2025.??.??"]
[TimeControl "900+10"]

{600MB, Fritz10.ctg} 1. f4 g6 2. e4 Bg7 3. Nf3 d5 4. exd5 Qxd5 5. Qe2 Bg4 6.
Nc3 Qa5 7. Qb5+ Qxb5 8. Bxb5+ c6 9. Be2 Nd7 10. d3 e6 11. Be3 Bxf3 12. Bxf3 Ne7
13. Ne4 Nf5 14. Bf2 Ke7 15. c3 Rhd8 16. g4 Nd6 17. Bh4+ f6 18. O-O-O h6 19.
Nxd6 Kxd6 20. Rhe1 Re8 21. d4 Nb6 22. Be4 f5 23. Bf3 Nd5 24. Bg3 Kd7 25. h4 Bf6
26. g5 Be7 27. Re2 Bd6 28. Bxd5 exd5 29. Rde1 Rxe2 30. Rxe2 hxg5 31. hxg5 Rh8
32. Rh2 Rxh2 1/2-1/2

[Event "KP 2024/25,Jiskra N. Bydzov-SK Jicin B"]
[Site "?"]
[Date "2025.02.02"]
[Round "7.8"]
[White "Jakubec, Vit"]
[Black "Rozenek, Roman"]
[Result "0-1"]
[ECO "B01"]
[WhiteElo "1472"]
[BlackElo "1821"]
[Annotator "user"]
[PlyCount "116"]
[EventDate "2025.??.??"]
[TimeControl "900+10"]

{600MB, Fritz10.ctg} 1. e4 d5 2. exd5 Qxd5 3. Nc3 Qa5 4. Bc4 Nf6 5. h3 Bf5 6.
Nge2 Nbd7 7. O-O e6 8. d3 c6 9. a3 Bd6 10. Bf4 Bxf4 11. Nxf4 O-O-O 12. Nh5 Bxh3
13. Nxf6 gxf6 14. gxh3 Rhg8+ 15. Kh2 Qf5 16. f4 Rg6 17. Qf3 Kc7 18. Rg1 Ne5 19.
Qe4 Qxe4 20. Nxe4 Nf3+ 21. Kh1 Nxg1 22. Rxg1 f5 23. Rxg6 hxg6 24. Ng5 Rd7 25.
Kg2 Kd6 26. b4 b5 27. Bb3 Re7 28. d4 f6 29. Nf3 a5 30. c3 Re8 31. Kf2 axb4 32.
axb4 Ra8 33. Ke2 Ra3 34. Nd2 Ra1 35. h4 Rc1 36. Kd3 Rh1 37. Nf3 Rh3 38. Ke3 Rg3
39. Bd1 Kd5 40. Bb3+ Kd6 41. Bd1 Rh3 42. Ke2 Rg3 43. Ke3 Rg2 44. Be2 Kd5 45. Nd2 Rh2 46. Nf3 Rh1 47. Kd3 Ra1 48. Nd2 Rg1
49. Nf3 Ra1 50. Nd2 e5 51. fxe5 fxe5 52. dxe5 Kxe5 53. Nf3+ Kf4 54. Kd4 Rh1 55.
Kd3 Rh3 56. c4 Rxf3+ 57. Bxf3 Kxf3 58. cxb5 cxb5 0-1

[Event "KP 2024/25,L. Belohrad-SSPM Lipky C"]
[Site "?"]
[Date "2025.03.05"]
[Round "9.1"]
[White "Nalevka, Petr"]
[Black "Novak, Radomir"]
[Result "0-1"]
[ECO "A90"]
[WhiteElo "1962"]
[BlackElo "2035"]
[Annotator "user"]
[PlyCount "70"]

{/40+15'+30""] [Site "?"] [Date "2025. 03. 02"] [Round "9. [White "Nalevka
Petr"] [Black "Novak Radomir"] [Result "0-1"] [ECO "A90"] [PlyCount "70"] 
[TimeControl "40/5400+30:0/0:900+30"] 587MB} 1. d4 e6 2. c4 f5 3. Nf3 Nf6 4. g3
d5 5. Bg2 c6 6. Qc2 Bd6 7. O-O O-O 8. b3 Qe7 9. Nc3 Nbd7 10. Bb2 Ne4 11. a3 a6
12. Rfc1 g5 13. Nd2 Nxd2 14. Qxd2 f4 15. e4 dxc4 16. bxc4 e5 17. c5 Bc7 18. Na4
exd4 19. Bxd4 Ne5 20. Qc3 fxg3 21. hxg3 Bg4 22. Rab1 Rab8 23. Qb3+ Be6 24. Qe3
g4 25. Ba1 Ng6 26. Nb6 Be5 27. Rd1 Rbd8 28. Bxe5 Nxe5 29. Nd5 cxd5 30. exd5 Bf5
31. d6 Qf6 32. Rxb7 Rfe8 33. Bd5+ Be6 34. Bxe6+ Rxe6 35. Qb3 Qh6 0-1

[Event "KP 2024/25,L. Belohrad-SSPM Lipky C"]
[Site "?"]
[Date "2025.03.02"]
[Round "9.2"]
[White "Sprinar, Michal"]
[Black "Buchar, Petr"]
[Result "1/2-1/2"]
[ECO "B33"]
[WhiteElo "1985"]
[BlackElo "1919"]
[Annotator "user"]
[PlyCount "74"]
[EventDate "2025.??.??"]
[TimeControl "40/5400+30:900+30"]

{587MB} 1. e4 c5 2. Nf3 Nc6 3. d4 cxd4 4. Nxd4 Nf6 5. Nc3 e5 6. Ndb5 d6 7. Bg5
a6 8. Na3 b5 9. Nd5 Qa5+ 10. Bd2 Qd8 11. Bd3 Be7 12. Nxf6+ Bxf6 13. c4 O-O 14.
cxb5 Nd4 15. O-O axb5 16. Nxb5 Ba6 17. a4 Rb8 18. Nxd4 Bxd3 19. Nc6 Qc7 20.
Nxb8 Bxf1 21. Qxf1 Rxb8 22. Bc3 Qc6 23. Qd3 Bd8 24. a5 Kf8 25. b4 Ke7 26. Bd2
h6 27. a6 Bb6 28. b5 Qd7 29. Be3 Bxe3 30. fxe3 Qa7 31. Kf2 Rc8 32. Qd5 Rc5 33.
Qb7+ Qxb7 34. axb7 Rxb5 35. Ra7 Ke6 36. Kf3 g6 37. g4 Rb3 1/2-1/2

[Event "KP 2024/25,L. Belohrad-SSPM Lipky C"]
[Site "?"]
[Date "2025.03.02"]
[Round "9.3"]
[White "Groh, Ladislav"]
[Black "Jezbera, Jiri"]
[Result "0-1"]
[ECO "E60"]
[WhiteElo "1813"]
[BlackElo "2061"]
[Annotator "user"]
[PlyCount "88"]
[EventDate "2025.??.??"]
[TimeControl "40/5400+30:900+30"]

{587MB} 1. Nf3 Nf6 2. e3 g6 3. b3 Bg7 4. Bb2 O-O 5. c4 d6 6.
d4 Nbd7 7. Nc3 e5 8. Be2 Re8 9. Qc2 exd4 10. exd4 Nf8 11. O-O Ne6 12. Qd2 Nh5
13. Rfe1 Nef4 14. h3 Qf6 15. Bf1 Bd7 16. Rxe8+ Rxe8 17. Re1 Nxh3+ 18. gxh3 Qxf3
19. Rxe8+ Bxe8 20. Bg2 Qf6 21. Qe3 Bd7 22. Nd5 Qd8 23. Bf3 c6 24. Bxh5 cxd5 25.
Bg4 Bxg4 26. hxg4 dxc4 27. bxc4 Qc8 28. Qe2 Qe6 29. Kf1 Kf8 30. f3 Ke7 31. Ke1
b6 32. Qxe6+ fxe6 33. Ke2 Bh6 34. d5 Bg5 35. Kd3 e5 36. a4 Bf4 37. Bc3 h5 38.
Be1 Kf6 39. Bb4 Kg5 40. Bxd6 e4+ 41. fxe4 Bxd6 42. gxh5 gxh5 43. Ke3 h4 44. Kf3
h3 0-1

[Event "KP 2024/25,L. Belohrad-SSPM Lipky C"]
[Site "?"]
[Date "2025.03.02"]
[Round "9.4"]
[White "Vlcek, Vojtech"]
[Black "Vavra, Vojtech"]
[Result "1-0"]
[ECO "A48"]
[WhiteElo "1834"]
[BlackElo "1895"]
[Annotator "user"]
[PlyCount "79"]
[EventDate "2025.??.??"]
[TimeControl "40/5400+30:900+30"]

{587MB} 1. d4 Nf6 2. c3 g6 3. Bg5 Bg7 4. Nd2 d6 5. e3 O-O 6. Ngf3 Nbd7 7. Be2
c5 8. O-O b6 9. e4 h6 10. Be3 Ng4 11. Bf4 Bb7 12. h3 Ngf6 13. d5 Qc7 14. Qc2 a6
15. a4 e5 16. dxe6 fxe6 17. Qb3 Rfe8 18. Bc4 Nf8 19. e5 Nd5 20. exd6 Qf7 21.
Bg3 Nd7 22. Rfe1 Kh7 23. Ne4 Bf6 24. Nxf6+ Qxf6 25. Re2 Nf4 26. Bxf4 Bxf3 27.
gxf3 Qxf4 28. Rae1 Qxd6 29. Rxe6 Rxe6 30. Rxe6 Qd2 31. Be2 Qg5+ 32. Kh1 b5 33.
Qd1 Nf8 34. Re4 Rd8 35. Qb3 c4 36. Qb4 Kg8 37. h4 Qf5 38. Kg2 Ne6 39. Qe7 Rd2
40. Rxe6 1-0

[Event "KP 2024/25,L. Belohrad-SSPM Lipky C"]
[Site "?"]
[Date "2025.03.02"]
[Round "9.5"]
[White "Kykal, Zbynek"]
[Black "Minovsky, Roman"]
[Result "0-1"]
[ECO "D02"]
[WhiteElo "1807"]
[BlackElo "1938"]
[Annotator "user"]
[PlyCount "124"]
[EventDate "2025.??.??"]
[TimeControl "40/5400+30:900+30"]

{587MB} 1. d4 d5 2. Bf4 Nf6 3. Nf3 e6 4. e3 a6 5. c4 Bb4+ 6. Nbd2 O-O 7. a3 Bd6
8. Bg3 Re8 9. Bd3 c5 10. dxc5 Bxc5 11. O-O Nc6 12. Qc2 d4 13. Nb3 Ba7 14. Rfd1
e5 15. Be2 Qe7 16. exd4 exd4 17. Re1 Be6 18. Rad1 Rac8 19. Bd3 a5 20. Bf5 Bxf5
21. Qxf5 Qd7 22. Qb5 Rxe1+ 23. Rxe1 Rd8 24. Nxa5 Nxa5 25. Qxa5 b6 26. Qb4 Re8
27. Rxe8+ Nxe8 28. Qd2 b5 29. cxb5 Qxb5 30. Be5 d3 31. Bc3 Nd6 32. Ne5 Ne4 33.
Qxd3 Bxf2+ 34. Kh1 Qxd3 35. Nxd3 Be3 36. a4 Kf8 37. g3 f6 38. Kg2 Ke7 39. Kf3
Nxc3 40. bxc3 Bb6 41. Ke4 Kd6 42. c4 g6 43. c5+ Bxc5 44. Nxc5 Kxc5 45. a5 Kb5
46. Kd5 Kxa5 47. Ke6 f5 48. Kf6 Kb5 49. Kg5 Kc5 50. Kh6 Kd5 51. Kxh7 g5 52. h4
gxh4 53. gxh4 f4 54. h5 f3 55. h6 f2 56. Kg7 f1=Q 57. h7 Qg2+ 58. Kh8 Qf3 59.
Kg7 Qg4+ 60. Kh8 Qe6 61. Kg7 Qe7+ 62. Kg8 Ke6 0-1

[Event "KP 2024/25,L. Belohrad-SSPM Lipky C"]
[Site "?"]
[Date "2025.03.02"]
[Round "9.6"]
[White "Nosek, Jan"]
[Black "Jezek, Milan"]
[Result "1-0"]
[ECO "B07"]
[WhiteElo "1921"]
[BlackElo "1795"]
[Annotator "user"]
[PlyCount "89"]
[EventDate "2025.??.??"]
[TimeControl "40/5400+30:900+30"]

{587MB} 1. e4 d6 2. d4 Nf6 3. Nc3 c6 4. f4 Qa5 5. Bd3 e5 6. Nf3 Bg4 7. Be3 Nbd7
8. Qd2 Be7 9. O-O Bxf3 10. gxf3 exd4 11. Bxd4 O-O 12. Rf2 Kh8 13. Rg2 c5 14.
Be3 a6 15. Bf1 b5 16. Nd5 Qxd2 17. Rxd2 Nxd5 18. Rxd5 Nb6 19. Rd2 Nc4 20. Bxc4
bxc4 21. b3 cxb3 22. axb3 Rfb8 23. Ra4 Rb4 24. Rxb4 cxb4 25. Rd4 a5 26. Rc4 h6
27. Kf2 Kh7 28. f5 g6 29. Rc7 Bh4+ 30. Ke2 Kg7 31. fxg6 Kxg6 32. Rc6 Be7 33.
Bc5 Kh5 34. Bxd6 Bh4 35. Rc5+ Kg6 36. Bc7 a4 37. bxa4 Rxa4 38. Rc4 Ra2 39. Ke3
Ra3+ 40. Kf4 Bg5+ 41. Kg4 Ra2 42. h4 Be7 43. Rc6+ Kh7 44. Be5 Ra5 45. Kf5 {
dale necitelne} 1-0

[Event "KP 2024/25,L. Belohrad-SSPM Lipky C"]
[Site "?"]
[Date "2025.03.02"]
[Round "9.7"]
[White "Pochop, Karel"]
[Black "Marek, Petr"]
[Result "0-1"]
[ECO "A15"]
[WhiteElo "1823"]
[BlackElo "1903"]
[Annotator "user"]
[PlyCount "122"]
[EventDate "2025.??.??"]
[TimeControl "40/5400+30:900+30"]

{587MB} 1. Nf3 Nf6 2. b3 g6 3. c4 Bg7 4. Bb2 O-O 5. Nc3 d5 6. e3 c5 7. Nxd5
Nxd5 8. Bxg7 Nxe3 9. dxe3 Kxg7 10. Bd3 Nc6 11. O-O Bg4 12. Be2 Qc7 13. Qc2 e5
14. a3 Rfd8 15. Rad1 Qa5 16. Qb2 f6 17. h3 Be6 18. Bd3 Rd7 19. Be4 Rad8 20.
Rxd7+ Rxd7 21. Bxc6 bxc6 22. Qc1 e4 23. Ne1 Qd2 24. Qb1 f5 25. Qa1+ Kh6 26. Qf6
Qd6 27. f3 Qe7 28. Qe5 Bg8 29. Qc3 Qg5 30. fxe4 fxe4 31. g4 Be6 32. Ng2 Rd3 33.
Qh8 Rd8 34. Qf6 Qxf6 35. Rxf6 Bg8 36. Rxc6 Rb8 37. Rxc5 Rxb3 38. Rc8 Be6 39.
Rc6 Bg8 40. Rc8 Be6 41. Rc6 Bg8 42. a4 Rb4 43. Ra6 Bxc4 44. Rxa7 Kg5 45. Kf2 h5
46. Ra5+ Kh6 47. gxh5 gxh5 48. Nf4 Bf7 49. Ra7 Bc4 50. Ra8 Bf7 51. Ra6+ Kg5 52.
Ra7 Kf6 53. Kg3 Rb3 54. Ng2 Rb2 55. Ra6+ Kf5 56. Ra7 Kf6 57. Nh4 Be6 58. Ra5
Bf7 59. Kf4 Rh2 60. Ra6+ Be6 61. Kg3 Rxh3+ 0-1

[Event "KP 2024/25,Jiskra N. Bydzov-SK Lipa C"]
[Site "?"]
[Date "2025.03.02"]
[Round "9.1"]
[White "Kohout, Martin"]
[Black "Pokorny, Zdenek"]
[Result "0-1"]
[ECO "C79"]
[WhiteElo "2010"]
[BlackElo "2190"]
[PlyCount "66"]
[EventDate "2025.??.??"]
[TimeControl "900+10"]

{600MB, Fritz10.ctg} 1. e4 e5 2. Nf3 Nc6 3. Bb5 a6 4. Ba4 d6 5. O-O Bg4 6. h3
Bh5 7. c3 Nf6 8. d3 h6 9. Nbd2 g5 10. Bxc6+ bxc6 11. d4 g4 12. hxg4 Bxg4 13.
dxe5 Nh5 14. Nc4 Rg8 15. Qd3 d5 16. Na5 Bh3 17. Ng5 Bd7 18. Nxf7 Kxf7 19. Qf3+
Kg6 20. exd5 cxd5 21. Qxd5 Kh7 22. Qf7+ Ng7 23. Rd1 Be7 24. Qc4 Qe8 25. Be3 Be6
26. Qe4+ Bf5 27. Qc4 Qg6 28. Nc6 Ne6 29. g3 Rae8 30. Nd4 Nxd4 31. Rxd4 c5 32.
Rd2 Be4 33. Bxc5 Qf5 0-1

[Event "KP 2024/25,Jiskra N. Bydzov-SK Lipa C"]
[Site "?"]
[Date "2025.03.02"]
[Round "9.2"]
[White "Kratky, Josef"]
[Black "Vanek, Tomas"]
[Result "1-0"]
[ECO "E04"]
[WhiteElo "2086"]
[BlackElo "1910"]
[PlyCount "101"]
[EventDate "2025.??.??"]
[TimeControl "900+10"]

{600MB, Fritz10.ctg} 1. d4 d5 2. Nf3 e6 3. c4 Nf6 4. g3 Nbd7 5. Bg2 dxc4 6. Qc2
Bd6 7. O-O O-O 8. Nbd2 c6 9. Nxc4 Bc7 10. b3 Rb8 11. Ba3 Re8 12. Nd6 Bxd6 13.
Bxd6 Ra8 14. e4 Nb6 15. Bf4 Qe7 16. Ne5 Rd8 17. Rad1 Bd7 18. a4 Rac8 19. Qc5
Qxc5 20. dxc5 Na8 21. Bg5 Be8 22. Rxd8 Rxd8 23. Ng4 Rd3 24. Bxf6 gxf6 25. Nxf6+
Kf8 26. Rb1 Ke7 27. e5 Nc7 28. f4 Nd5 29. Ne4 f6 30. exf6+ Nxf6 31. Nxf6 Kxf6
32. Rb2 Bg6 33. b4 Rc3 34. Kf2 Bf5 35. Bf3 Bc2 36. a5 e5 37. fxe5+ Kxe5 38. a6
bxa6 39. Ra2 Be4 40. Bxe4 Kxe4 41. Rxa6 Rc2+ 42. Kg1 Rb2 43. Rxa7 h5 44. Rf7
Ke3 45. Rf4 Rc2 46. Rf6 Rb2 47. Rxc6 Rxb4 48. Rh6 Kf3 49. Rf6+ Ke3 50. c6 Rc4
51. Kg2 1-0

[Event "KP 2024/25,Jiskra N. Bydzov-SK Lipa C"]
[Site "?"]
[Date "2025.03.02"]
[Round "9.3"]
[White "Vanicek, Vojtech"]
[Black "Fiedler, Bedrich"]
[Result "0-1"]
[ECO "B78"]
[WhiteElo "1913"]
[BlackElo "2060"]
[PlyCount "64"]
[EventDate "2025.??.??"]
[TimeControl "900+10"]

{600MB, Fritz10.ctg} 1. e4 c5 2. Nf3 d6 3. d4 cxd4 4. Nxd4 Nf6 5. Nc3 g6 6. Be3
Bg7 7. f3 Nc6 8. Bc4 O-O 9. Qd2 Bd7 10. O-O-O Rc8 11. Bb3 Ne5 12. Kb1 a6 13. h4
h5 14. g4 Nc4 15. Bxc4 Rxc4 16. e5 Nxg4 17. fxg4 Bxg4 18. Qd3 b5 19. Rd2 Bxe5
20. Nce2 Qa8 21. Rg1 Bg7 22. Bf2 d5 23. Ng3 e5 24. Nb3 d4 25. Na5 Ra4 26. Nb3
Bh6 27. Be1 Qd5 28. c3 f5 29. cxd4 exd4 30. Nxd4 Qxa2+ 31. Kc1 Rc8+ 32. Nc2
Qa1# 0-1

[Event "KP 2024/25,Jiskra N. Bydzov-SK Lipa C"]
[Site "?"]
[Date "2025.03.02"]
[Round "9.4"]
[White "Humlicek, Vojtech"]
[Black "Mrazek, Vladimir"]
[Result "1-0"]
[ECO "B12"]
[WhiteElo "1971"]
[BlackElo "1815"]
[PlyCount "65"]
[EventDate "2025.??.??"]
[TimeControl "900+10"]

{600MB, Fritz10.ctg} 1. e4 c6 2. d4 d5 3. e5 Bf5 4. Nf3 e6 5. c3 a6 6. Be2 c5
7. O-O Nc6 8. a3 c4 9. b4 b5 10. a4 Bxb1 11. axb5 Nb8 12. Rxb1 Qb6 13. Qa4 Ne7
14. Bd2 Nc8 15. Ra1 Be7 16. Ne1 O-O 17. Nc2 Bd8 18. Na3 Qb7 19. Qd1 Nb6 20. Bh5
Qe7 21. g3 N8d7 22. f4 g6 23. Bf3 Kg7 24. Ra2 Rh8 25. g4 Qe8 26. Be1 Nf8 27.
Rg2 f5 28. Qc2 Kf7 29. Kh1 Ke7 30. Rfg1 Kd7 31. gxf5 exf5 32. Nxc4 dxc4 33.
Bc6+ 1-0

[Event "KP 2024/25,Jiskra N. Bydzov-SK Lipa C"]
[Site "?"]
[Date "2025.03.02"]
[Round "9.5"]
[White "Bednar, Milos"]
[Black "Nemec, Otakar"]
[Result "1-0"]
[ECO "B22"]
[WhiteElo "1863"]
[BlackElo "1829"]
[PlyCount "85"]
[EventDate "2025.??.??"]
[TimeControl "900+10"]

{600MB, Fritz10.ctg} 1. e4 c5 2. c3 d5 3. exd5 Qxd5 4. d4 e6 5. Nf3 Nf6 6. Na3
Nc6 7. Nb5 Qd8 8. dxc5 Bxc5 9. Qxd8+ Kxd8 10. Bf4 Nd5 11. Rd1 Ke7 12. Bg3 a6
13. Nc7 Nxc7 14. Bxc7 b5 15. b4 Ba7 16. Bd6+ Kf6 17. Bd3 Bb7 18. O-O Rac8 19.
Be4 Rhd8 20. Ne5 h5 21. Nxc6 Bxc6 22. Bxc6 Rxc6 23. Be5+ Ke7 24. Bxg7 Rxd1 25.
Rxd1 f6 26. Rd3 e5 27. Bh6 Ke6 28. Bd2 Rd6 29. Rxd6+ Kxd6 30. Kf1 Kd5 31. Ke2
Kc4 32. f3 f5 33. g3 e4 34. fxe4 fxe4 35. h3 Bb8 36. Bf4 Ba7 37. Be5 Kd5 38.
Bh8 Ke6 39. g4 hxg4 40. hxg4 Bb6 41. Bd4 Bd8 42. Ke3 Kd5 43. Kf4 1-0

[Event "KP 2024/25,Jiskra N. Bydzov-SK Lipa C"]
[Site "?"]
[Date "2025.03.02"]
[Round "9.6"]
[White "Tsapanidis, Vasilis"]
[Black "Vanicek, Lukas"]
[Result "1/2-1/2"]
[ECO "B27"]
[WhiteElo "1827"]
[BlackElo "1815"]
[PlyCount "120"]
[EventDate "2025.??.??"]
[TimeControl "900+10"]

{600MB, Fritz10.ctg} 1. e4 c5 2. Nf3 g6 3. d4 b6 4. Bc4 Bb7 5. d5 Bg7 6. O-O d6
7. Nc3 a6 8. a4 Nd7 9. Bf4 Ngf6 10. Qd2 Ng4 11. Be2 O-O 12. h3 Nge5 13. Bh6
Nxf3+ 14. Bxf3 Ne5 15. Be2 Qe8 16. Bxg7 Kxg7 17. f4 Nd7 18. Nd1 Nf6 19. Bf3 e5
20. dxe6 Qxe6 21. e5 Ne4 22. Bxe4 Bxe4 23. Nc3 d5 24. Rae1 f5 25. exf6+ Rxf6
26. Rf2 Qc6 27. Nxe4 dxe4 28. Rfe2 Re8 29. b3 b5 30. axb5 axb5 31. g3 Rd6 32.
Qc3+ Kg8 33. Rd2 Rxd2 34. Qxd2 c4 35. bxc4 Qxc4 36. Rd1 Qc5+ 37. Kf1 Rc8 38.
Qd5+ Qxd5 39. Rxd5 Rxc2 40. Rxb5 Rh2 41. h4 e3 42. Re5 Rf2+ 43. Kg1 Rf3 44. Kg2
Rf2+ 45. Kh3 e2 46. g4 Rf3+ 47. Kg2 Rxf4 48. Kg3 Ra4 49. Rxe2 Kf7 50. g5 Ra7
51. Rf2+ Kg7 52. Kg4 Ra4+ 53. Rf4 Ra5 54. Rb4 Ra7 55. h5 gxh5+ 56. Kxh5 Ra6 57.
Rb7+ Kg8 58. Rc7 Rb6 59. Rc5 Kg7 60. Rd5 Rc6 1/2-1/2

[Event "KP 2024/25,Jiskra N. Bydzov-SK Lipa C"]
[Site "?"]
[Date "2025.03.02"]
[Round "9.7"]
[White "Ficek, Martin"]
[Black "Moravec, Radovan"]
[Result "1-0"]
[ECO "C01"]
[WhiteElo "1729"]
[BlackElo "1719"]
[PlyCount "79"]
[EventDate "2025.??.??"]
[TimeControl "900+10"]

{600MB, Fritz10.ctg} 1. e4 e6 2. d4 d5 3. exd5 exd5 4. Bd3 Bd6 5. f3 Ne7 6. Ne2
Bf5 7. Nbc3 c6 8. Bg5 f6 9. Bh4 Qb6 10. a3 Nd7 11. b4 O-O 12. Bf2 Rfe8 13. Qd2
Qc7 14. Ng3 Bf4 15. Qd1 Nf8 16. Nce2 Bxd3 17. Qxd3 Neg6 18. O-O Bd6 19. c4 Ne6
20. c5 Bf4 21. Rad1 Re7 22. Kh1 Rae8 23. Nf5 Rd7 24. g3 Bg5 25. Nd6 Red8 26. f4
Nexf4 27. Nxf4 Nxf4 28. gxf4 Bxf4 29. Bg3 Bxg3 30. Qxg3 Kf8 31. Qh4 Kg8 32. Rg1
Rf8 33. Rdf1 Qd8 34. Rf3 Qe7 35. Rfg3 Qe2 36. R3g2 Qd3 37. Rg3 Qd2 38. Qh3 Re7
39. Qg2 Qh6 40. Nf5 1-0

[Event "KP 2024/25,Jiskra N. Bydzov-SK Lipa C"]
[Site "?"]
[Date "2025.03.02"]
[Round "9.8"]
[White "Portych, Vaclav"]
[Black "Rozenek, Roman"]
[Result "1/2-1/2"]
[ECO "A29"]
[WhiteElo "1796"]
[BlackElo "1809"]
[PlyCount "48"]
[EventDate "2025.??.??"]
[TimeControl "900+10"]

{600MB, Fritz10.ctg} 1. c4 e5 2. Nc3 Nf6 3. Nf3 Nc6 4. g3 Bc5 5. Bg2 d6 6. O-O
Be6 7. b3 O-O 8. Bb2 Nd7 9. e3 Bg4 10. d3 f5 11. Qd2 f4 12. d4 fxe3 13. fxe3
Bb6 14. Nd5 Qe8 15. Nxb6 axb6 16. dxe5 Qh5 17. Nh4 Ndxe5 18. Bxe5 Qxe5 19. Qd5+
Qxd5 20. Bxd5+ Kh8 21. Rxf8+ Rxf8 22. Rf1 Rxf1+ 23. Kxf1 Nb4 24. Bxb7 Nxa2
1/2-1/2

[Event "KP 2024/25,J. N. Bydzov-L. Belohrad"]
[Site "?"]
[Date "2025.03.23"]
[Round "10.1"]
[White "Kohout, Martin"]
[Black "Kykal, Vojtech"]
[Result "1-0"]
[ECO "B52"]
[WhiteElo "2010"]
[BlackElo "2023"]
[PlyCount "79"]
[EventDate "2025.??.??"]
[TimeControl "900+10"]

{600MB, Fritz10.ctg} 1. e4 c5 2. Nf3 d6 3. Nc3 Nf6 4. Bb5+ Bd7 5. Bxd7+ Qxd7 6.
O-O Nc6 7. d4 cxd4 8. Nxd4 g6 9. Nxc6 Qxc6 10. Qf3 Bg7 11. Bg5 h6 12. Be3 Nd7
13. Qd1 O-O 14. Nd5 Rfe8 15. Bd4 Ne5 16. f4 e6 17. fxe5 exd5 18. Qf3 Qd7 19.
exd5 dxe5 20. Bf2 Rac8 21. Qb3 b6 22. Rad1 Bf8 23. Kh1 Bd6 24. Rd3 Qf5 25. Kg1
e4 26. Rdd1 Qh5 27. Bg3 Bc5+ 28. Kh1 e3 29. d6 Re6 30. d7 Rd8 31. Rd5 e2 32.
Re1 Rf6 33. h3 Rf1+ 34. Kh2 g5 35. Rxc5 bxc5 36. Qe3 f5 37. Rxe2 Rxd7 38. Qe6+
Qf7 39. Qxh6 Qg7 40. Re8+ 1-0